 Dungeon Crawl Stone Soup version 0.29.1-1-gd02db6906a (webtiles) character file.

Game seed: 12709043150510676304

2 Senryu the Magician (level 1, 0/15 HPs)
             Began as a Djinni Earth Elementalist on Oct 2, 2022.
             Slain by Jessica
             ... wielding a +0 dagger of freezing
              (2 damage)
             ... on level 1 of the Dungeon.
             The game lasted 00:00:42 (52 turns).

Senryu the Magician (Djinni Earth Elementalist)       Turns: 52, Time: 00:00:43

Health: 0/15       AC:  2    Str:  7    XL:     1   Next: 33%
Gold:   0          EV: 12    Int: 16    God:
                   SH:  0    Dex: 13

rFire   + + .      SeeInvis .   (no weapon)
rCold   x . .      Faith    .   (no shield)
rNeg    . . .      Spirit   .   a - +0 robe
rPois   ∞          Reflect  .   (no helmet)
rElec   .          Harm     .   (no cloak)
rCorr   .          Rampage  .   (no gloves)
Will    .....                   (boots unavailable)
Stlth   ++........              (no amulet)
HPRegen 0.05/turn               (no ring)
MPRegen 0.00/turn               (no ring)

@: flying
A: sickness immunity, fire resistance 2, cold vulnerability 1, float, innate
caster, HP casting, extra vitality 1
a: no special abilities


You were on level 1 of the Dungeon.
You visited 1 branch of the dungeon, and saw 2 of its levels.

Inventory:

Armour
 a - a +0 robe (worn)
Scrolls
 b - a scroll of poison {unknown}


   Skills:
 * Level 2.2 Dodging
 * Level 1.5 Stealth
 * Level 2.5 Spellcasting


You couldn't memorise any spells.
You knew the following spells:

 Your Spells              Type           Power      Damage    Failure   Level
a - Sandblast             Erth           20%        2d7       7%          1
b - Passwall              Tmut/Erth      8%         N/A       11%         2
c - Stone Arrow           Conj/Erth      20%        3d8       22%         3
d - Petrify               Tmut/Erth      10%        N/A       56%         4
Your spell library was empty.

Dungeon Overview and Level Annotations

Branches:
Dungeon (2/15)

Altars:

Annotations:
D:1 Jessica


Innate Abilities, Weirdness & Mutations

You are immune to sickness and miasma.
You are immune to poison.
Your flesh is very heat resistant. (rF++)
You are vulnerable to cold. (rC-)
You float through the air rather than walking.
You learn spells naturally, not from books.
Your magical power is your life essence.
You have superior vitality. (+4 MHP)


Message History

Okay, then.
A rat comes into view.
Jessica gestures wildly.
Aiming: Sandblast (safe; 8% risk of failure)
Press: ? - help, Q - select action, (/) - cycle Shift-Dir - straight line, f - Jessica
Aim: Jessica, wielding a +0 dagger of freezing and wearing a +0 robe (81% to hit)
You miscast Sandblast.
You are very lightly contaminated with residual magic.
Nothing appears to happen.
Jessica casts a spell.
Jessica blinks!
There is a stone staircase leading up here.
Aiming: Sandblast (safe; 8% risk of failure)
Press: ? - help, Q - select action, (/) - cycle Shift-Dir - straight line, f - ball python
Aim: a ball python (78% to hit)
The blast of sand misses the ball python.
Your magical contamination has completely faded away.
Unknown command.
Aiming: Sandblast (safe; 8% risk of failure)
Press: ? - help, Q - select action, (/) - cycle Shift-Dir - straight line, f/p - ball python
Aim: a ball python (78% to hit)
The blast of sand hits the ball python!
You kill the ball python!
Unknown command.
Jessica barely misses you.
You fly upwards.
There is a stone staircase leading down here.
Aiming: Sandblast (safe; 7% risk of failure)
Press: ? - help, Q - select action, (/) - cycle Shift-Dir - straight line, f - Jessica
Aim: Jessica, wielding a +0 dagger of freezing and wearing a +0 robe (82% to hit)
The blast of sand hits Jessica.
Jessica is moderately wounded.
Jessica hits you with a +0 dagger of freezing.
Jessica freezes you.
* * * LOW HITPOINT WARNING * * *
You aren't carrying any potions.
Okay, then.
Jessica attacks as you move away!
Jessica hits you with a +0 dagger of freezing.
You die...

#.# #.# .. ### #.# .#
..# #.# .# #.# #.# .#
#####.# #.# .# .....#
#.# .#
#.####..###.###.# ####
#....@@..†...~♣♣♣ ~..
#.#########.#~~♣≈♣♣♣~~#
#.#♣≈~~~~~♣
######.#♣≈~~~~~♣♣
#.......♣≈~~~~~≈♣
#.####.#♣♣~~~~~♣♣
#.#♣≈~~<~~≈♣
#..♣≈~~~~~♣♣
#.#♣≈~~~~~♣


You could see Jessica.

Vanquished Creatures
  A ball python (D:2)
  A rat (D:1)
2 creatures vanquished.

Notes
Turn   | Place    | Note
-------+----------+-------------------------------------------
     0 | D:1      | Senryu the Djinni Earth Elementalist began the quest for
                  | the Orb.
     0 | D:1      | Senryu set off with the following spells memorised:
                  | Sandblast, Passwall, Stone Arrow, Petrify.
     0 | D:1      | Reached XP level 1. HP: 15/15 MP: 0/0
    37 | D:2      | Noticed Jessica
    52 | D:1      | Slain by Jessica

Illustrated notes

Levels and vault maps discovered:
D:1:      reono_arrival_forest_river, layout_loops_ring, basic_ecumenical_altar
D:2:      layout_basic, uniq_terence, uniq_jessica

Action                   || total
-------------------------++-------
 Cast: Sandblast         ||     5
Dodge: Dodged            ||     1
